 Dungeon Crawl Stone Soup version 0.20.0-15-g7f486f2 (webtiles) character file.

42074 vishdafish the Blocker (level 14, -3/86 HPs)
             Began as a Gargoyle Fighter on June 18, 2017.
             Shot with an arrow by Vashnia (24 damage)
             ... on level 2 of the Snake Pit.
             The game lasted 01:34:24 (21885 turns).

vishdafish the Blocker (Gargoyle Fighter)          Turns: 21885, Time: 01:34:24

Health: -3/86      AC: 41    Str: 20    XL:     14   Next: 18%
Magic:  18/18      EV:  4    Int: 10    God:
Gold:   335        SH: 19    Dex: 13    Spells: 13/13 levels left

rFire    + . .     SeeInvis +   h - +2 flail (protect)
rCold    . . .     Gourm    .   P - +0 large shield
rNeg     + . .     Faith    .   d - +1 plate armour of Divine Intervention {rF+ MR+}
rPois    ∞         Spirit   .   f - +0 helmet
rElec    +         Reflect  .   W - +0 cloak
rCorr    .         Harm     .   Y - +0 pair of gloves
MR       ++...                  (no boots)
Stlth    ..........             (no amulet)
Regen    0.3/turn               j - +3 ring of protection
MPRegen  0.2/turn               F - ring of see invisible

@: protection aura, constricted
A: big wings, negative energy resistance 1, electricity resistance, unbreathing,
petrification resistance, rot immunity, AC +9
a: Fly


You were on level 2 of the Snake Pit.
You were hungry.

You visited 4 branches of the dungeon, and saw 17 of its levels.

You collected 1469 gold pieces.
You spent 1134 gold pieces at shops.

Inventory:

Hand Weapons
 h - a +2 flail of protection (weapon)
 J - a +2 war axe of flaming
Armour
 b - the +6 chain mail of Servitude {rElec}
   (You found it on level 8 of the Dungeon)

   It insulates you from electricity.
 d - the +1 plate armour of Divine Intervention (worn) {rF+ MR+}
   (You bought it in a shop on level 2 of the Orcish Mines)

   It protects you from fire.
   It affects your resistance to hostile enchantments.
 f - a +0 helmet (worn)
 k - a +0 troll leather armour
 P - a +0 large shield (worn)
 W - a +0 cloak (worn)
 Y - a +0 pair of gloves (worn)
Jewellery
 j - a +3 ring of protection (left hand)
 F - a ring of see invisible (right hand)
 I - an uncursed ring of flight
 O - an uncursed amulet of rage
Wands
 c - a wand of random effects (26/48)
 e - a wand of polymorph (16/24)
 g - a wand of disintegration (1/24)
 q - a wand of lightning (10/15)
 r - a wand of iceblast (11/15)
 u - a wand of enslavement (9/24)
 w - a wand of scattershot (6/9)
 z - a wand of flame (17/48)
 A - a wand of lightning (11/15)
 G - a wand of scattershot (4/9)
 Q - a wand of confusion (9/48)
 T - a wand of enslavement (10/24)
Scrolls
 m - 2 scrolls of magic mapping
 n - 4 scrolls of enchant armour
 s - 2 scrolls of amnesia
 y - 2 scrolls of immolation
 D - 2 scrolls of enchant weapon {unknown}
 E - 2 scrolls of random uselessness {unknown}
 H - 2 scrolls of remove curse
 K - a scroll of torment {unknown}
 L - a scroll of fog
 M - a scroll of holy word {unknown}
 R - 2 scrolls of noise {unknown}
 S - a scroll of brand weapon {unknown}
 U - a scroll of blinking {unknown}
Potions
 l - a potion of heal wounds {unknown}
 p - a potion of magic {unknown}
 v - a potion of agility
 x - 3 potions of lignification
 B - a potion of mutation
 V - a potion of curing
Books
 a - a book of Cantrips

   Spells                             Type                      Level
   a - Confusing Touch                Hexes                        1
   b - Animate Skeleton               Necromancy                   1
   c - Summon Small Mammal            Summoning                    1
   d - Apportation                    Translocation                1
Miscellaneous
 i - a fan of gales
Comestibles
 C - a bread ration
 N - 3 fruits
 Z - 4 royal jellies


   Skills:
 + Level 9.1 Fighting
 - Level 12.1 Maces & Flails
 * Level 12.7 Armour
 * Level 5.4 Dodging
 - Level 1.0 Stealth
 + Level 14.0 Shields
 - Level 6.2 Evocations


You had 13 spell levels left.
You didn't know any spells.

Dungeon Overview and Level Annotations

Branches:
Dungeon (11/15)            Temple (0/1) D:5            Lair (2/6) D:11
  Snake (2/4) Lair:2          Orc (2/2) D:10            Elf (0/3) Orc:2
  Swamp: Lair:2-4    Shoals: Lair:2-4

Altars:
Ashenzari
Fedhas
Kikubaaqudgha
Makhleb
Nemelex Xobeh
Sif Muna
Uskayaw
Zin
The Shining One
Beogh

Shops:
D:8 %}}:   D:9 [:?%   Orc:1 [   Orc:2 ?[[(   Snake:1 ==}

Portals:
Trove: D:10 (give +3 fire dragon scales)

Annotations:
Lair:2 exclusion: 4 oklob plants, Prince Ribbit
Snake:2 Vashnia


Innate Abilities, Weirdness & Mutations

You are resistant to torment.
Your stone body is resilient. (AC +9)
You are immune to poison.
Your large and strong wings let you fly indefinitely.
You resist negative energy. (rN+)
You are resistant to electric shocks. (rElec)
You can survive without breathing.
You are immune to petrification.
You are immune to rotting.


Message History

The naga sharpshooter hits you but does no damage.
You hit the naga sharpshooter.
The naga sharpshooter is severely wounded.
The naga sharpshooter unwields an uncursed arbalest.
The naga sharpshooter wields an uncursed battleaxe.
The naga sharpshooter hits you but does no damage.
You block the naga sharpshooter's attack.
The naga sharpshooter constricts you. Vashnia spits poison at you.
The splash of poison hits you! You resist.
You hit the naga sharpshooter.
The naga sharpshooter is almost dead.
The naga sharpshooter spits poison at you.
You block the splash of poison.
You block the naga sharpshooter's attack.
The naga sharpshooter constricts you.
You thump the naga sharpshooter!
The naga sharpshooter is almost dead.
Vashnia shoots an arrow.
The arrow hits you!!
You die...

##### #...# #.
##...###
##...##..(...#######
NN.N$N.(((.....(...#
###...#..(...#(....#
#.. ########§#§..#
## #.# #§§NN##
####.# #@§..# #....#
#NN..# #....#
##.#### #....# #..#
####.# #(## #.# #(#
###.# #(# #..(####.#
#.....##.##


You could see Vashnia and 3 naga sharpshooters.

Vanquished Creatures
  An orc warlord (Orc:1)
  Josephine (Snake:1)
  A naga warrior (Snake:1)
  An anaconda (Snake:1)
  A hydra (Lair:2)
  3 two-headed ogres
  A naga sharpshooter (Snake:1)
  3 orc high priests
  3 death yaks (Lair:1)
  A naga ritualist (Snake:1)
  A mana viper (Snake:1)
  7 orc knights
  A cyclops (Orc:1)
  4 orc sorcerers (Orc:2)
  A salamander (Snake:1)
  12 black mambas
  3 naga magi (Snake:1)
  Maurice (D:8)
  3 spiny frogs
  A rime drake (Lair:1)
  2 komodo dragons
  4 trolls
  The ghost of Nr616 the Basher, an amateur MiFi of Okawaru (D:5)
  A queen bee (Orc:1)
  2 blink frogs
  7 hippogriffs
  4 wraiths (Snake:1)
  15 yaks
  A basilisk (Lair:1)
  4 hungry ghosts
  Menkaure (D:4)
  10 nagas
  A water moccasin (Lair:2)
  11 wargs (Orc:1)
  6 porcupines
  21 orc warriors
  A hornet zombie (D:11)
  5 black bears
  4 ice beasts
  13 ogres
  A phantom (D:8)
  A necrophage (D:10)
  12 centaurs
  6 crocodiles
  5 bullfrogs
  A water moccasin zombie (D:10)
  A scorpion (D:9)
  26 killer bees
  8 wights (D:7)
  6 howler monkeys
  A centaur zombie (D:7)
  5 crimson imps
  4 bullfrog zombies
  5 hounds
  3 jellies
  A centaur skeleton (D:5)
  A gnoll shaman (D:6)
  9 orc priests
  A bullfrog skeleton (D:11)
  3 iguanas
  22 orc wizards
  7 worker ants
  2 worker ant zombies
  Robin (D:2)
  10 gnolls
  7 adders
  A shadow imp (D:5)
  An ooze (D:1)
  An adder zombie (D:9)
  An adder skeleton (D:9)
  A worm (D:2)
  5 dart slugs
  5 leopard geckos
  62 orcs
  7 giant cockroaches
  13 goblins
  10 hobgoblins
  16 jackals
  8 quokkas
  2 ball pythons
  5 bats
  4 frilled lizards
  5 kobolds
  A leopard gecko skeleton (D:5)
  A quokka zombie (D:9)
  9 rats
  A bush (D:5)
  A plant (D:2)
473 creatures vanquished.

Vanquished Creatures (others)
  An orc priest (Orc:2)
  3 fungi
  9 plants
13 creatures vanquished.

Grand Total: 486 creatures vanquished

Notes
Turn   | Place    | Note
-------+----------+-------------------------------------------
     0 | D:1      | vishdafish the Gargoyle Fighter began the quest for the Orb.
     0 | D:1      | Reached XP level 1. HP: 14/14 MP: 1/1
   150 | D:1      | Reached XP level 2. HP: 19/19 MP: 2/2
   337 | D:1      | Reached XP level 3. HP: 19/23 MP: 3/3
  1151 | D:2      | Noticed Robin
  1385 | D:2      | Reached XP level 4. HP: 22/29 MP: 4/4
  1741 | D:2      | Killed Robin
  1810 | D:2      | Reached skill level 1 in Dodging
  2719 | D:3      | Reached XP level 5. HP: 33/33 MP: 5/5
  2749 | D:3      | Reached skill level 4 in Shields
  3416 | D:4      | Found a glowing golden altar of the Shining One.
  3416 | D:4      | Found a sparkling altar of Nemelex Xobeh.
  3418 | D:4      | Found a deep blue altar of Sif Muna.
  3422 | D:4      | Noticed Menkaure
  3423 | D:4      | Found a glowing silver altar of Zin.
  3425 | D:4      | Found a hide-covered altar of Uskayaw.
  3425 | D:4      | Found a burning altar of Makhleb.
  3426 | D:4      | Found a blossoming altar of Fedhas.
  3432 | D:4      | Killed Menkaure
  3432 | D:4      | Reached XP level 6. HP: 30/38 MP: 6/6
  3436 | D:4      | Found an ancient bone altar of Kikubaaqudgha.
  3631 | D:5      | Entered Level 5 of the Dungeon
  3637 | D:5      | Noticed Nr616's ghost (amateur MiFi)
  3663 | D:5      | Killed Nr616's ghost
  3663 | D:5      | Reached skill level 5 in Maces & Flails
  3663 | D:5      | Reached skill level 5 in Shields
  3663 | D:5      | Reached XP level 7. HP: 16/43 MP: 7/7
  3901 | D:5      | Found a staircase to the Ecumenical Temple.
  4140 | D:5      | Reached skill level 5 in Armour
  4140 | D:5      | Reached XP level 8. HP: 22/48 MP: 8/8
  4537 | D:5      | Found a blossoming altar of Fedhas.
  4604 | D:5      | Got a translucent hand axe {pain}
  4624 | D:5      | Identified the +5 hand axe "Jexaicah" {pain, Int+3} (You took it off a gnoll on level 5 of the Dungeon)
  4780 | D:5      | Reached skill level 5 in Fighting
  4780 | D:5      | Reached skill level 1 in Stealth
  4922 | D:5      | Reached skill level 6 in Shields
  4962 | D:5      | Reached XP level 9. HP: 51/54 MP: 9/9
  6138 | D:7      | Reached skill level 7 in Shields
  6210 | D:7      | Reached XP level 10. HP: 28/60 MP: 10/10
  6221 | D:7      | Reached skill level 8 in Shields
  6949 | D:8      | Found Deysioch's Book Shop.
  6990 | D:8      | Found Zuwoku's Gadget Emporium.
  7002 | D:8      | Bought a wand of disintegration (13/24) for 238 gold pieces
  7005 | D:8      | Noticed a two-headed ogre
  7036 | D:8      | Killed a two-headed ogre
  7070 | D:8      | Noticed Maurice
  7111 | D:8      | Killed Maurice
  7111 | D:8      | Reached skill level 1 in Evocations
  7458 | D:8      | Found Bugget's Gadget Boutique.
  7484 | D:8      | Found a shattered altar of Ashenzari.
  7559 | D:8      | Reached skill level 10 in Maces & Flails
  7620 | D:8      | Got a brightly glowing chain mail
  7631 | D:8      | Identified the +6 chain mail of Servitude {rElec} (You found it on level 8 of the Dungeon)
  7810 | D:8      | Found Pampi's Food Shop.
  7856 | D:9      | Found Cogi's Food Boutique.
  7895 | D:9      | Found a blossoming altar of Fedhas.
  8442 | D:9      | Found Saotim's Armour Shop.
  8460 | D:9      | Reached skill level 9 in Shields
  8564 | D:9      | Found Rabae's Book Emporium.
  8857 | D:9      | Found Itattuk's Magic Scroll Shop.
  9100 | D:10     | Entered Level 10 of the Dungeon
  9135 | D:10     | Found a portal to a secret trove of treasure.
  9222 | D:10     | Reached XP level 11. HP: 64/64 MP: 11/13
  9410 | D:10     | Noticed a two-headed ogre
  9422 | D:10     | Killed a two-headed ogre
  9512 | D:10     | Found a staircase to the Orcish Mines.
  9792 | D:10     | Got an opalescent robe
  9803 | D:10     | Identified the +2 robe "Obes" {-Tele Dex+7 SInv} (You found it on level 10 of the Dungeon)
  9830 | D:10     | Noticed a two-headed ogre
  9836 | D:10     | Killed a two-headed ogre
 10014 | Orc:1    | Entered Level 1 of the Orcish Mines
 10025 | Orc:1    | Noticed a cyclops
 10046 | Orc:1    | Killed a cyclops
 10069 | Orc:1    | Reached skill level 10 in Shields
 10236 | Orc:1    | Found Qotuq's Armour Emporium.
 11641 | Orc:2    | Entered Level 2 of the Orcish Mines
 11647 | Orc:2    | Noticed an orc warlord
 11667 | Orc:1    | Noticed an orc knight
 11739 | Orc:1    | Killed an orc knight
 12293 | Orc:2    | Found a roughly hewn altar of Beogh.
 12352 | Orc:1    | Reached XP level 12. HP: 26/71 MP: 15/15
 12619 | Orc:1    | Reached skill level 11 in Shields
 12721 | Orc:1    | HP: 2/72 [orc warlord/battleaxe of chopping (2)]
 12726 | Orc:1    | Killed an orc warlord
 13004 | Orc:1    | Reached skill level 10 in Armour
 13033 | Orc:2    | Found a staircase to the Elven Halls.
 13574 | Orc:1    | Reached skill level 5 in Evocations
 14398 | Orc:2    | Noticed an orc high priest
 14398 | Orc:2    | Noticed an orc high priest
 14973 | Orc:2    | Noticed an orc high priest
 14994 | Orc:2    | Noticed a soul eater
 15145 | Orc:2    | Killed an orc high priest
 15521 | Orc:1    | Noticed a sun demon
 15541 | Orc:1    | Killed an orc high priest
 15794 | Orc:2    | Killed an orc high priest
 16021 | Orc:2    | Found Hatim's Antique Weapon Shoppe.
 16021 | Orc:2    | Found Uheol's Antique Armour Shop.
 16024 | Orc:2    | Found Jaresh's Armour Shoppe.
 16024 | Orc:2    | Found Reheicvergh's Magic Scroll Shop.
 16040 | Orc:2    | Bought a crude plate armour for 896 gold pieces
 16052 | Orc:2    | Identified the cursed +1 plate armour of Divine Intervention {rF+ MR+} (You bought it in a shop on level 2 of the Orcish Mines)
 16232 | Orc:2    | Reached XP level 13. HP: 78/78 MP: 17/17
 16340 | D:11     | Found a staircase to the Lair.
 16413 | D:11     | Reached skill level 12 in Shields
 16452 | Lair:1   | Entered Level 1 of the Lair of Beasts
 17723 | Lair:2   | Noticed Prince Ribbit
 17963 | Lair:2   | Found a staircase to the Snake Pit.
 19596 | Snake:1  | Entered Level 1 of the Snake Pit
 19682 | Snake:1  | Reached skill level 13 in Shields
 20299 | Snake:1  | Noticed Josephine
 20340 | Snake:1  | Killed Josephine
 20340 | Snake:1  | Reached skill level 5 in Dodging
 20507 | Snake:1  | Gained mutation: Your large and strong wings let you fly indefinitely. [Gargoyle growth]
 20507 | Snake:1  | Reached XP level 14. HP: 37/86 MP: 18/18
 21331 | Snake:1  | Found Mogiupul's Jewellery Shoppe.
 21333 | Snake:1  | Found Eraiqok's Gadget Shop.
 21334 | Snake:1  | Found Ypluked's Jewellery Shoppe.
 21402 | Snake:1  | Reached skill level 14 in Shields
 21820 | Snake:2  | Noticed Vashnia
 21885 | Snake:2  | Shot with an arrow by Vashnia

Skill      XL: |  1  2  3  4  5  6  7  8  9 10 11 12 13 14 |
---------------+-------------------------------------------+-----
Maces & Flails | 3 4 5 6 7 9 10 11 12 | 12.1
Dodging        | 1 2 3 4 5 |  5.4
Shields        | 4 5 6 7 9 10 11 13 14 | 14.0
Armour         | 4 5 6 8 9 11 12 | 12.7
Fighting       | 4 5 6 7 9 |  9.1
Stealth        | 1 |  1.0
Evocations     | 2 4 6 |  6.2

Action                   |  1- 3 |  4- 6 |  7- 9 | 10-12 | 13-15 || total
-------------------------+-------+-------+-------+-------+-------++-------
Melee: Flail             |   136 |   237 |   437 |  1597 |  1063 ||  3470
Throw: Javelin           |     2 |       |     2 |       |       ||     4
Evoke: Wand              |       |       |       |    26 |     3 ||    29
       Fan of gales      |       |       |       |     1 |       ||     1
  Use: Scroll            |     1 |     5 |     2 |    16 |     8 ||    32
       Potion            |       |       |       |     9 |     7 ||    16
  Eat: Bread ration      |     1 |       |       |     5 |       ||     6
       Meat ration       |       |     1 |     2 |     3 |       ||     6
       Fruit             |       |       |     1 |       |       ||     1
       Royal jelly       |       |       |       |     8 |     9 ||    17
       Chunk             |       |       |       |     1 |       ||     1
Armor: Scale mail        |    82 |   110 |   140 |       |       ||   332
       Plate armour      |       |       |   106 |    92 |   595 ||   793
       Chain mail        |       |       |       |  1004 |       ||  1004
Dodge: Dodged            |    57 |    62 |   111 |   415 |   181 ||   826
Block: Shield            |    71 |   113 |   213 |    62 |       ||   459
       Large shield      |       |       |       |  1634 |  1132 ||  2766
